 Seeded DCSS version 0.29-a0-613-gf2c431b9b9 (webtiles) character file.

Game seed: 16540029993331354961 (custom seed)

28 happo123 the Ruffian (level 3, -1/33 HPs)
             Began as a Troll Transmuter on June 17, 2022.
             Slain by Sigmund
             ... wielding a +0 scythe
              (11 damage)
             ... on level 2 of the Dungeon.
             The game lasted 00:02:37 (559 turns).

happo123 the Ruffian (Troll Transmuter)              Turns: 559, Time: 00:02:38

Health: -1/33      AC:  4    Str: 18    XL:     3   Next: 0%
Magic:  3/4        EV:  9    Int: 11    God:
Gold:   25         SH:  0    Dex: 10    Spells: 3/4 levels left

rFire   . . .      SeeInvis .     - Unarmed
rCold   . . .      Faith    .   (no shield)
rNeg    . . .      Spirit   .   a - +0 robe
rPois   .          Reflect  .   (helmet currently unavailable)
rElec   .          Harm     .   (no cloak)
rCorr   .          Rampage  .   (gloves unavailable)
Will    .....                   (boots unavailable)
Stlth   +.........              (no amulet)
HPRegen 0.91/turn               (no ring)
MPRegen 0.09/turn               (no ring)

@: appendages (expiring)
A: horns 2, talons 2, large, unfitting armour, claws 3, regeneration 1, shaggy
fur 1, tough skin 1
a: End Transformation


You were on level 2 of the Dungeon.
You had temporarily grown beastly horns and talons.
You visited 1 branch of the dungeon, and saw 2 of its levels.

You collected 25 gold pieces.

Inventory:

Hand Weapons
 j - a +3 hunting sling of freezing
Missiles
 l - a throwing net
Armour
 a - a +0 robe (worn)
Scrolls
 c - a scroll of noise {unknown}
 e - a scroll of identify {unknown}
 i - a scroll of amnesia {unknown}
 k - a scroll of enchant weapon {unknown}
Potions
 b - a potion of lignification
 d - a potion of flight {unknown}
 f - a potion of ambrosia {unknown}
 g - a potion of curing {unknown}
 h - a potion of mutation {unknown}


   Skills:
 + Level 1.0 Fighting
 + Level 1.7 Dodging
 * Level 3.3 Unarmed Combat
 + Level 1.3 Spellcasting
 * Level 1.8 Transmutations
 + Level 0.2 Ice Magic


You had 3 spell levels left.
You knew the following spells:

 Your Spells              Type           Power      Damage    Failure   Level
a - Beastly Appendage     Tmut           8%         N/A       16%         1

Your spell library contained the following spells:

 Spells                   Type           Power      Damage    Failure   Level
 Wereblood                Tmut           4%         N/A       22%         2
 Spider Form              Tmut/Pois      2%         N/A       54%         3
 Ice Form                 Ice/Tmut       3%         N/A       90%         4
 Corpse Rot               Necr/Pois/Air  0%         N/A       97%         4
 Dispel Undead            Necr           0%         3d6       97%         4
 Death Channel            Necr           0%         N/A       100%        6


Dungeon Overview and Level Annotations

Branches:
Dungeon (2/15)

Altars:

Annotations:
D:2 Sigmund


Innate Abilities, Weirdness & Mutations

You have temporarily grown beastly horns and talons.
You are too large for most types of armour.
You have claws for hands.
Your natural rate of healing is unusually fast.
You are covered in fur. (AC +1)
You have tough skin. (AC +1)


Message History

There is a stone staircase leading down here.
You climb downwards.
Sigmund shouts!
Found a large amethyst amulet.
There is a stone staircase leading up here.
Sigmund casts a spell at you. The magic dart hits you!
A dart slug comes into view.
There is a stone staircase leading up here.
Sigmund breathes a few words.
Sigmund's hands start flickering wildly.
You climb upwards.
There is a stone staircase leading down here.
You start resting.
HP restored.
You climb downwards.
Level annotation: Sigmund
There is a stone staircase leading up here.
There is a stone staircase leading up here.
Casting: Beastly Appendage (safe; 16% risk of failure)
Press: ? - help, Q - select action, (/) - cycle Dir - look around, f - activate You grow a pair of large bovine horns.
Your feet morph into talons.
Sigmund hits you from afar with a +0 scythe!
Sigmund gestures at you while chanting. The magic dart hits you!
You completely miss Sigmund. Your kick misses Sigmund. You claw Sigmund!
Sigmund is moderately wounded.
Your transformation is almost over.
Sigmund hits you with a +0 scythe.
You barely miss Sigmund. Your headbutt misses Sigmund.
Sigmund is moderately wounded.
Sigmund casts a spell at you. The puff of flame hits you!
* * * LOW HITPOINT WARNING * * *
You barely miss Sigmund.
Sigmund is moderately wounded.
The dart slug launches a dart at you. The slug dart misses you.
Sigmund hits you with a +0 scythe!
You die...

##........#
.........##
#......... . .
#........####.
#.#............
#............#
.......@.....##
......w@#.....#
#...###.<.....#
. ######"....
... .


You could see Sigmund and a dart slug.

Vanquished Creatures
  A dart slug (D:1)
  2 ball pythons (D:1)
  2 bats (D:1)
  2 endoplasms (D:1)
  3 goblins (D:1)
  6 jackals (D:1)
  3 quokkas (D:1)
  3 kobolds (D:1)
  A rat (D:1)
23 creatures vanquished.

Notes
Turn   | Place    | Note
-------+----------+-------------------------------------------
     0 | D:1      | happo123 the Troll Transmuter began the quest for the Orb.
     0 | D:1      | Reached XP level 1. HP: 18/18 MP: 1/1
   131 | D:1      | Reached XP level 2. HP: 26/26 MP: 2/2
   238 | D:1      | Reached skill level 1 in Fighting
   423 | D:1      | Found a faded altar of an unknown god.
   433 | D:1      | Reached XP level 3. HP: 33/33 MP: 2/4
   540 | D:2      | Noticed Sigmund
   559 | D:2      | Slain by Sigmund

Illustrated notes

Levels and vault maps discovered:
D:1:      dpeg_arrival_arbitrary_a, layout_rooms,
          ebering_ecumenical_altar_abandoned
D:2:      layout_rooms, uniq_natasha, uniq_sigmund

Skill      XL: |  1  2 |
---------------+-------+-----
Fighting       | 1 |  1.0
Dodging        | |  1.7
Unarmed Combat | |  3.3
Spellcasting   | |  1.3
Transmutations | |  1.8
Ice Magic      | |  0.2

Action                   || total
-------------------------++-------
Melee: Unarmed           ||    59
       Kick              ||     8
       Headbutt          ||     2
 Cast: Beastly Appendage ||     6
 Stab: Sleeping          ||     1
Armor: Robe              ||    24
Dodge: Dodged            ||    31

Table legend: (Time is in decaauts)
 A = Elapsed time spent in this place.
 B = Non-inter-level travel time spent in this place.
 C = Inter-level travel time spent in this place.
 D = Time resting spent in this place.
 E = Time spent auto-exploring this place.
 F = Levels seen in this place.
 G = Mean time per level.
                   A        B        C        D        E       F      G
               +--------+--------+--------+--------+--------+-----+--------+
         Total |    556 |    472 |     84 |      5 |    307 |   2 |  278.0 |
       Dungeon |    556 |    472 |     84 |      5 |    307 |   2 |  278.0 |
               +--------+--------+--------+--------+--------+-----+--------+

Top non-repeatable levels by time:
     D:1: 544 daAuts
     D:2: 12 daAuts
